 Dungeon Crawl Stone Soup version 0.31-a0-151-ge443d1f16c (webtiles) character file.

Game seed: 12727826169212610792

6 qw the Shooter (level 1, 0/18 HPs)
             Began as a Minotaur Hunter on June 8, 2023.
             Slain by a kobold
             ... wielding a +1 dagger of electrocution
              (3 damage)
             ... on level 1 of the Dungeon.
             The game lasted 00:00:03 (126 turns).

qw the Shooter (Minotaur Hunter)                     Turns: 126, Time: 00:00:03

Health: 0/18       AC:  3    Str: 15    XL:     1   Next: 75%
Magic:  0/0        EV: 12    Int:  6    God:
Gold:   7          SH:  0    Dex: 13    Spells: 0/0 levels left

rFire   . . .        a - +0 shortbow
rCold   . . .        (shield currently unavailable)
rNeg    . . .        c - +0 leather armour
rPois   .            (helmet restricted)
rElec   .            (no cloak)
rCorr   .            (no gloves)
SInv    .            (no boots)
Will    .....        (no amulet)
Stlth   +            (no ring)
HPRegen 0.23/turn    (no ring)
MPRegen 0.07/turn

%: no passive effects
@: no status effects
A: horns 2, retaliatory headbutt
a: no special abilities


You were on level 1 of the Dungeon.
You visited 1 branch of the dungeon, and saw 1 of its levels.

You collected 7 gold pieces.


Innate Abilities, Weirdness & Mutations

You have a pair of horns on your head.
You reflexively headbutt those who attack you in melee.


   Skills:
 - Level 2.4 Fighting
 + Level 4.8 Ranged Weapons
 - Level 2.1 Dodging
 - Level 0.7 Stealth


You couldn't memorise any spells.
You didn't know any spells.
Your spell library was empty.

Inventory:

Hand Weapons
 a - a +0 shortbow (weapon)
Armour
 c - a +0 leather armour (worn)
 d - a +2 hat
Scrolls
 b - a scroll of butterflies
Potions
 e - a potion of lignification {unknown}

Dungeon Overview and Level Annotations

Branches:
Dungeon (1/15)

Altars:


Message History

HP restored.
A bat comes into view.
You shoot an arrow. The arrow hits the bat!
You kill the bat!
A hobgoblin comes into view.
The hobgoblin shouts!
You shoot an arrow. The arrow barely misses the hobgoblin.
You shoot an arrow. The arrow hits the hobgoblin.
The hobgoblin is moderately wounded.
The hobgoblin closely misses you. You furiously retaliate!
You headbutt the hobgoblin.
You kill the hobgoblin!
You now have 7 gold pieces.
A ball python comes into view.
The ball python hisses angrily.
A kobold comes into view.
It is wielding a +1 dagger of electrocution.
You shoot an arrow.
The arrow barely misses the ball python.
The kobold shouts!
A bat comes into view.
You shoot an arrow.
The arrow hits the ball python but does no damage.
You shoot an arrow. The arrow hits the ball python.
You kill the ball python!
You shoot an arrow. The arrow closely misses the kobold.
The arrow hits the bat!
You kill the bat!
You shoot an arrow. The arrow completely misses the kobold.
You shoot an arrow.
The arrow hits the kobold but does no damage.
The kobold hits you with a +1 dagger of electrocution.
You are electrocuted!
Ouch! That really hurt!
The kobold hits you with a +1 dagger of electrocution.
You shoot an arrow. The arrow barely misses the kobold.
The kobold closely misses you.
You shoot an arrow. The arrow closely misses the kobold.
The kobold closely misses you.
You shoot an arrow. The arrow closely misses the kobold.
The kobold hits you with a +1 dagger of electrocution.
You die...

## #. #. #. #.
## #
..#########
...%..K@..#
..#######.# #.#
#### #.# #...
#.# #.## #.#
#.# #.# #.#
#.##### #.#
#.....#######.#


You could see a kobold.

Vanquished Creatures
  2 bats (D:1)
  An endoplasm (D:1)
  A hobgoblin (D:1)
  A ball python (D:1)
5 creatures vanquished.

Notes
Turn   | Place    | Note
-------+----------+-------------------------------------------
     0 | D:1      | qw the Minotaur Hunter began the quest for the Orb.
     0 | D:1      | Reached XP level 1. HP: 18/18 MP: 0/0
     0 | D:1      | 0 ||| qw: Version: 0.2-a-120-gdf1a93b
     0 | D:1      | 0 ||| qw: Game counter: 3069
     0 | D:1      | 0 ||| qw: Always use a shield: true
     0 | D:1      | 0 ||| qw: God list: Okawaru
     0 | D:1      | 0 ||| qw: Allow faded altars: false
     0 | D:1      | 0 ||| qw: Do Orc after D:15 true
     0 | D:1      | 0 ||| qw: Do second Lair branch before Depths: true
     0 | D:1      | 0 ||| qw: Lair rune preference: random
     0 | D:1      | 0 ||| qw: Plans: Normal
     0 | D:1      | 0 ||| PLANNING D:1-11
   123 | D:1      | HP: 4/18 [kobold/+1 dagger of electrocution (10)]
   126 | D:1      | Slain by a kobold

Levels and vault maps discovered:
D:1:      lemuel_arrival_tunnels, layout_loops_ring,
          chequers_ecumenical_altar_simple_redux, minmay_bisected

Action                     || total
---------------------------++-------
   Fire: Shortbow          ||    18
  Dodge: Dodged            ||     5

Table legend:
 A = Non-vault XP
 B = Vault XP
 C = Vault XP percentage of total XP
 D = Non-vault monster count
 E = Vault monster count
 F = Vault count percentage of total count
                 A         B        C        D         E       F
            +---------+---------+-------+---------+---------+-------
      Total |       9 |       0 |   0.0 |       5 |       0 |   0.0
            +---------+---------+-------+---------+---------+-------
        D:1 |       9 |       0 |   0.0 |       5 |       0 |   0.0
            +---------+---------+-------+---------+---------+-------
